 Dungeon Crawl Stone Soup version 0.20.1-1-g8b1a95d (console) character file.

259 vuolankoinen the Insei (level 6, -1/42 HPs)
             Began as an Octopode Transmuter on Nov 24, 2017.
             Slain by an adder (5 damage)
             ... in a sewer.
             The game lasted 00:15:51 (2083 turns).

vuolankoinen the Insei (Octopode Transmuter)        Turns: 2083, Time: 00:15:52

Health: -1/42      AC:  1    Str: 15    XL:     6   Next: 17%
Magic:  5/9        EV: 14    Int: 20    God:
Gold:   125        SH:  0    Dex: 14    Spells: 3/9 levels left

rFire    . . .     SeeInvis .     - Unarmed
rCold    . . .     Gourm    .   (no shield)
rNeg     . . .     Faith    .   m - +0 hat
rPois    .         Spirit   .   i - amulet of regeneration
rElec    .         Reflect  .   (no ring)
rCorr    .         Harm     .   (no ring)
MR       .....                  (no ring)
Stlth    ++++......             (no ring)
Regen    0.6/turn               (no ring)
MPRegen  0.2/turn               (no ring)
                                (no ring)
                                (no ring)

@: mighty, brilliant, appendage (expiring)
A: almost no armour, stealthy swim, amphibious, 8 rings, constrict 8, tentacle
spike 3, camouflage 1, gelatinous body 1
a: End Transformation


You were in a sewer.
You were not hungry.
One of your tentacles had a temporary spike.
You visited 1 branch of the dungeon, and saw 3 of its levels.
You also visited: Sewer.

You collected 125 gold pieces.

Inventory:

Hand Weapons
 a - a +0 dagger of speed
 q - a +3 short sword of flaming
 s - a +0 dagger
Missiles
 g - 31 arrows
Armour
 m - a +0 hat (worn)
Jewellery
 i - an amulet of regeneration (around mantle)
Scrolls
 h - a scroll of identify
 n - 2 scrolls of magic mapping
 v - a scroll of fog
 w - a scroll of blinking {unknown}
 x - a scroll of recharging {unknown}
Potions
 d - a potion of cancellation {unknown}
 e - 2 potions of brilliance
 f - 3 potions of curing {unknown}
 k - 2 potions of resistance
 o - 2 potions of might
 r - a potion of lignification {unknown}
 t - a potion of magic {unknown}
 u - a potion of haste {unknown}
Books
 b - a book of Changes

   Spells                             Type                      Level
   a - Beastly Appendage              Transmutation                1
   b - Sticks to Snakes               Transmutation                2
   c - Spider Form                    Transmutation/Poison         3
   d - Ice Form                       Ice/Transmutation            4
   e - Blade Hands                    Transmutation                5
Comestibles
 c - 2 bread rations
 j - a meat ration
 l - a royal jelly
 p - 5 chunks of flesh


   Skills:
 * Level 3.3 Fighting
 + Level 2.4 Dodging
 + Level 2.8 Stealth
 + Level 4.6 Unarmed Combat
 + Level 2.2 Spellcasting
 + Level 2.5 Transmutations


You had 3 spell levels left.
You knew the following spells:

 Your Spells              Type           Power        Failure   Level  Hunger
a - Beastly Appendage     Tmut           ###...       1%          1    #......
b - Spider Form           Tmut/Pois      ###.......   3%          3    ###....
c - Sticks to Snakes      Tmut           ###.....     1%          2    ##.....


Dungeon Overview and Level Annotations

Branches:
Dungeon (4/15)
 Temple: D:4-7

Altars:


Innate Abilities, Weirdness & Mutations

You cannot wear most types of armour.
You are very stealthy in the water. (Stealth+)
You are amphibious.
You can wear up to eight rings at the same time.
You can use your tentacles to constrict eight enemies at once.
Your skin changes colour to match your surroundings (Stealth+).
Your rubbery body absorbs attacks. (AC +1, EV +1)
One of your tentacles bears a large vicious spike.


Message History

Your ball python closely misses the adder.
It was a potion of brilliance.
You feel clever all of a sudden.
Your transformation is almost over.
You constrict the bullfrog. The bullfrog misses you. The adder misses you. x2
Your ball python barely misses the adder.
Your ball python grabs the adder.
Your ball python constricts the adder.
The bullfrog hits you.
* * * LOW HITPOINT WARNING * * *
The adder bites you.
* * * LOW HITPOINT WARNING * * *
It was a potion of might.
You feel very mighty all of a sudden.
You constrict the bullfrog.
You kill the bullfrog!
You have reached level 6!
Your experience leads to an increase in your attributes!
Your base attributes are Str 10, Int 15, Dex 13.
Increase (S)trength, (I)ntelligence, or (D)exterity?
You feel agile. The adder closely misses you.
Your ball python bites the adder.
Your ball python constricts the adder.
The adder misses your ball python. The adder bites you.
You die...

.....S #....
##≈≈F≈## #.≈≈≈
#≈≈≈#≈≈# #≈≈≈≈
#≈≈≈≈≈≈# #≈≈≈≈
#≈≈≈≈≈≈# #≈≈≈≈
#≈≈≈≈≈≈# #≈≈≈≈
#≈#≈≈≈≈# #≈≈≈≈
#F≈#≈≈≈# #≈≈≈≈
#S.≈≈≈≈# #≈≈≈≈
#SSS≈≈≈# ##≈≈≈
#@S#≈≈≈# #≈≈).
#≈S≈≈≈≈# #≈≈≈≈
#≈≈≈≈≈≈# #≈≈≈≈
#≈≈≈≈≈≈# #≈≈≈≈
#≈≈≈≈≈≈# #≈††≈
#≈≈≈≈≈≈# #≈≈≈≈
#≈≈≈≈≈≈##### #≈≈≈≈
#.≈≈≈≈###..# #†≈≈≈
#......##..###....
##......##'##.....
#.........#......


You could see a bullfrog, 2 adders, 3 ball pythons and a friendly ball python.

Vanquished Creatures
  A bullfrog (Sewer)
  8 adders
  3 river rats
  2 oozes (Sewer)
  A dart slug (D:1)
  A leopard gecko (D:1)
  7 ball pythons (Sewer)
  4 giant cockroaches
  7 goblins
  6 hobgoblins (D:1)
  8 jackals
  5 bats
  4 frilled lizards
  5 kobolds
  33 rats
95 creatures vanquished.

Vanquished Creatures (collateral kills)
  A ball python (Sewer)
1 creature vanquished.

Grand Total: 96 creatures vanquished

Notes
Turn   | Place    | Note
-------+----------+-------------------------------------------
     0 | D:1      | vuolankoinen the Octopode Transmuter began the quest for the Orb.
     0 | D:1      | Reached XP level 1. HP: 13/13 MP: 3/3
   111 | D:1      | Reached XP level 2. HP: 10/18 MP: 5/5
   493 | D:1      | Reached XP level 3. HP: 23/23 MP: 6/6
   959 | D:1      | Learned a level 3 spell: Spider Form
   991 | D:1      | Learned a level 2 spell: Sticks to Snakes
  1150 | D:2      | Reached skill level 4 in Unarmed Combat
  1150 | D:2      | Reached XP level 4. HP: 22/29 MP: 5/7
  1471 | D:2      | You fall through a shaft for 2 floors!
  1614 | D:4      | Reached skill level 1 in Stealth
  1669 | D:4      | Found a glowing drain.
  1686 | Sewer    | Entered a sewer
  1706 | Sewer    | Reached XP level 5. HP: 35/35 MP: 8/8
  2083 | Sewer    | Reached XP level 6. HP: 3/42 MP: 5/9
  2083 | Sewer    | Slain by an adder

Skill      XL: |  1  2  3  4  5 |
---------------+----------------+-----
Fighting       | 2 3 |  3.3
Unarmed Combat | 4 |  4.6
Stealth        | 1 2 |  2.8
Dodging        | |  2.4
Spellcasting   | |  2.2
Transmutations | |  2.5

Action                   |  1- 3 |  4- 6 || total
-------------------------+-------+-------++-------
Melee: Unarmed           |    73 |   123 ||   196
       Constrict         |    20 |    36 ||    56
       Tentacles         |    11 |    21 ||    32
       Punch             |     3 |     4 ||     7
       Kick              |     3 |    12 ||    15
       Dagger            |     2 |     6 ||     8
       Short sword       |       |     1 ||     1
 Cast: Beastly Appendage |     2 |     7 ||     9
       Sticks to Snakes  |       |     1 ||     1
  Use: Scroll            |       |     4 ||     4
       Potion            |       |     2 ||     2
 Stab: Sleeping          |     3 |     8 ||    11
       Distracted        |     1 |       ||     1
  Eat: Chunk             |     1 |     3 ||     4
Armor: Skin              |     8 |     9 ||    17
Dodge: Dodged            |    43 |    94 ||   137
